[ AOE2 MATCH · #498076689 ]
UnrankedBengalis vs Jurchens
[ REPLAY ANALYSIS · EXTRACTED FROM THE RECORDED GAME ]
Feudal
11:29
Castle
26:53
Imperial
—
| APM avg | 53.9 |
| APM peak | 89 |
| eAPM avg | 30.1 |
| Villagers / military | 48 / 18 |
Focus
⚔️ 31.4% · 🌾 68.6%
Archer ×14 · Fishing Ship ×7 · Skirmisher ×4
Feudal
21:21
Castle
—
Imperial
—
| APM avg | 32.8 |
| APM peak | 77 |
| eAPM avg | 16.9 |
| Villagers / military | 30 / 0 |
Focus
⚔️ 31.5% · 🌾 68.5%
Fishing Ship ×5
Feudal
15:34
Castle
20:00
Imperial
—
| APM avg | 57.2 |
| APM peak | 124 |
| eAPM avg | 36.0 |
| Villagers / military | 64 / 28 |
Focus
⚔️ 55.9% · 🌾 44.1%
Fishing Ship ×29 · Scout Cavalry ×15 · Unknown (2626) ×13 · Steppe Lancer ×6 · Iron Pagoda ×5 · Camel Scout ×1
Feudal
12:02
Castle
20:27
Imperial
—
| APM avg | 34.5 |
| APM peak | 75 |
| eAPM avg | 18.4 |
| Villagers / military | 47 / 16 |
Focus
⚔️ 29.7% · 🌾 70.3%
Archer ×7 · Fishing Ship ×7 · Scout Cavalry ×4 · Knight ×2 · Skirmisher ×2 · Demolition Raft ×1
Feudal
11:50
Castle
24:09
Imperial
—
| APM avg | 47.0 |
| APM peak | 130 |
| eAPM avg | 29.1 |
| Villagers / military | 41 / 24 |
Focus
⚔️ 43.4% · 🌾 56.6%
Galley ×20 · Fishing Ship ×8 · Archer ×2 · Fire Galley ×2
Feudal
13:41
Castle
18:07
Imperial
—
| APM avg | 42.9 |
| APM peak | 77 |
| eAPM avg | 20.3 |
| Villagers / military | 69 / 6 |
Focus
⚔️ 32.2% · 🌾 67.8%
Fishing Ship ×20 · Monk ×4 · Unknown (2626) ×3 · Mangonel ×1 · Scorpion ×1
Feudal
13:17
Castle
17:06
Imperial
—
| APM avg | 24.6 |
| APM peak | 61 |
| eAPM avg | 17.2 |
| Villagers / military | 54 / 17 |
Focus
⚔️ 36.8% · 🌾 63.2%
Fishing Ship ×15 · Monk ×7 · Armored Elephant ×6 · Scorpion ×4
Feudal
11:19
Castle
—
Imperial
—
| APM avg | 62.4 |
| APM peak | 121 |
| eAPM avg | 33.7 |
| Villagers / military | 76 / 23 |
Focus
⚔️ 50.9% · 🌾 49.1%
Fishing Ship ×20 · Scout Cavalry ×13 · Archer ×10
Match map
Initial resources + every placement click. Lines = walls · curves = elevation contours. ◆ gold · ⬟ stone · ● berries · ✦ relic · ◌ wall gap
Your base· Open — 4t gap
veni's base· Open — unwalled flank
TAG_Sitaux's base· Open — 7t gap
NuMa | Darkvlad's base· Open — 7t gap
Capout's base· Open — 4t gap
_LY_Yo's base· Open — 15t gap
obi11's base· Open — unwalled flank
Shulk's base· Open — 4t gap
Smoothed initial terrain · ◌ = detected wall gap · hover for details
Inputs per minute
— Margougou - - veni
Build order — Margougou
127 actions detected in the replay
| 0:07 | Build | Town Center |
| 1:10 | Build | Dock |
| 2:22 | Build | House |
| 2:27 | Queue | Villager (Male) |
| 2:27 | Queue | Villager (Male) |
| 2:28 | Queue | Villager (Male) |
| 2:28 | Queue | Villager (Male) |
| 3:33 | Queue | Fishing Ship |
| 3:43 | Queue | Villager (Male) |
| 4:03 | Build | House |
| 4:12 | Build | House |
| 4:40 | Queue | Villager (Male) |
| 5:04 | Queue | Villager (Male) |
| 5:29 | Queue | Villager (Male) |
| 5:31 | Queue | Fishing Ship |
| 5:50 | Build | House |
| 5:53 | Queue | Villager (Male) |
| 6:17 | Queue | Villager (Male) |
| 6:18 | Queue | Fishing Ship |
| 6:38 | Queue | Villager (Male) |
| 6:46 | Build | House |
| 6:54 | Queue | Villager (Male) |
| 6:56 | Queue | Fishing Ship |
| 7:16 | Build | House |
| 7:18 | Queue | Villager (Male) |
| 7:37 | Queue | Fishing Ship |
| 7:38 | Queue | Villager (Male) |
| 8:06 | Queue | Fishing Ship |
| 8:07 | Queue | Villager (Male) |
| 8:45 | Queue | Villager (Male) |
| 8:51 | Build | Lumber Camp |
| 9:19 | Research | Feudal Age |
| 10:00 | Build | Mining Camp |
| 10:15 | Queue | Villager (Male) |
| 10:19 | Build | House |
| 10:25 | Build | House |
| 10:42 | Build | Barracks |
| 10:58 | Research | Loom |
| 10:58 | Queue | Villager (Male) |
| 11:29 | Age | Feudal Age |
| 11:32 | Build | Archery Range |
| 11:34 | Research | Double-Bit Axe |
| 11:35 | Queue | Villager (Male) |
| 11:56 | Build | House |
| 11:58 | Queue | Villager (Male) |
| 12:03 | Research | Tech 906 |
| 12:10 | Research | Tech 906 |
| 12:11 | Queue | Villager (Male) |
| 12:16 | Build | House |
| 12:17 | Queue | Archer |
| 13:10 | Build | Town Center |
| 13:14 | Queue | Archer |
| 13:31 | Queue | Archer |
| 13:40 | Build | Blacksmith |
| 13:44 | Queue | Archer |
| 13:47 | Queue | Villager (Male) |
| 13:51 | Queue | Villager (Male) |
| 14:07 | Queue | Archer |
| 14:24 | Research | Fletching |
| 14:26 | Queue | Archer |
| 14:31 | Queue | Villager (Male) |
| 14:39 | Queue | Villager (Male) |
| 14:40 | Build | House |
| 14:50 | Queue | Villager (Male) |
| 15:06 | Build | Archery Range |
| 15:17 | Build | House |
| 15:23 | Build | Palisade Gate |
| 15:24 | Queue | Villager (Male) |
| 15:41 | Queue | Archer |
| 15:43 | Queue | Skirmisher |
| 15:43 | Queue | Skirmisher |
| 15:44 | Queue | Villager (Male) |
| 15:54 | Build | Watch Tower |
| 16:18 | Queue | Villager (Male) |
| 16:24 | Queue | Skirmisher |
| 16:30 | Research | Padded Archer Armor |
| 16:32 | Queue | Villager (Male) |
| 16:35 | Queue | Fishing Ship |
| 16:47 | Queue | Skirmisher |
| 17:04 | Build | Lumber Camp |
| 17:12 | Build | House |
| 17:16 | Queue | Archer |
| 17:27 | Queue | Archer |
| 17:35 | Build | House |
| 17:36 | Build | House |
| 17:47 | Queue | Villager (Male) |
| 17:57 | Queue | Villager (Male) |
| 18:10 | Build | Archery Range |
| 18:13 | Queue | Villager (Male) |
| 18:19 | Build | Mining Camp |
| 18:24 | Queue | Archer |
| 18:26 | Queue | Villager (Male) |
| 18:50 | Queue | Villager (Male) |
| 18:57 | Queue | Villager (Male) |
| 19:02 | Queue | Archer |
| 19:13 | Build | Town Center |
| 19:54 | Build | Town Center |
| 20:04 | Queue | Archer |
| 20:05 | Queue | Archer |
| 20:46 | Queue | Villager (Male) |
| 20:49 | Build | Watch Tower |
| 20:54 | Queue | Villager (Male) |
| 21:01 | Queue | Villager (Male) |
| 21:05 | Build | Watch Tower |
| 21:17 | Queue | Villager (Male) |
| 21:20 | Queue | Archer |
| 21:36 | Build | Watch Tower |
| 21:44 | Queue | Villager (Male) |
| 21:55 | Queue | Villager (Male) |
| 21:58 | Queue | Villager (Male) |
| 22:12 | Queue | Villager (Male) |
| 22:38 | Queue | Villager (Male) |
| 22:57 | Build | Mill |
| 22:58 | Queue | Villager (Male) |
| 23:24 | Queue | Villager (Male) |
| 23:34 | Build | Market |
| 24:13 | Research | Castle Age |
| 24:46 | Build | Mining Camp |
| 24:49 | Queue | Villager (Male) |
| 25:31 | Research | Stone Mining |
| 25:43 | Build | Stone Wall |
| 25:48 | Build | Stone Wall |
| 25:52 | Build | Outpost |
| 26:53 | Age | Castle Age |
| 26:56 | Research | Bodkin Arrow |
| 26:59 | Build | Castle |
| 27:13 | Build | Mill |
Build order — veni
64 actions detected in the replay
| 0:23 | Build | Town Center |
| 1:15 | Build | Dock |
| 1:42 | Build | House |
| 2:39 | Queue | Villager (Male) |
| 2:39 | Queue | Villager (Male) |
| 2:41 | Queue | Villager (Male) |
| 2:42 | Queue | Villager (Male) |
| 3:21 | Research | Loom |
| 3:49 | Queue | Villager (Male) |
| 4:24 | Queue | Villager (Male) |
| 4:49 | Queue | Villager (Male) |
| 5:07 | Build | House |
| 5:28 | Queue | Villager (Male) |
| 5:39 | Queue | Fishing Ship |
| 5:43 | Queue | Villager (Male) |
| 6:11 | Queue | Villager (Male) |
| 6:26 | Queue | Villager (Male) |
| 6:29 | Build | House |
| 6:37 | Queue | Fishing Ship |
| 6:59 | Build | House |
| 7:06 | Queue | Villager (Male) |
| 7:32 | Queue | Villager (Male) |
| 7:33 | Queue | Fishing Ship |
| 7:53 | Queue | Villager (Male) |
| 8:15 | Build | Lumber Camp |
| 8:21 | Queue | Fishing Ship |
| 8:25 | Queue | Villager (Male) |
| 8:38 | Queue | Villager (Male) |
| 9:07 | Queue | Villager (Male) |
| 9:07 | Research | Loom |
| 9:54 | Build | House |
| 10:25 | Build | Town Center |
| 11:09 | Queue | Villager (Male) |
| 11:10 | Queue | Villager (Male) |
| 11:14 | Queue | Fishing Ship |
| 11:19 | Build | House |
| 11:28 | Build | Palisade Wall |
| 11:33 | Build | House |
| 11:34 | Build | Palisade Wall |
| 11:47 | Queue | Villager (Male) |
| 11:47 | Queue | Villager (Male) |
| 13:02 | Queue | Villager (Male) |
| 13:15 | Build | Outpost |
| 13:32 | Queue | Villager (Male) |
| 13:41 | Queue | Villager (Male) |
| 13:45 | Build | Mill |
| 14:33 | Queue | Villager (Male) |
| 14:51 | Build | Mining Camp |
| 14:53 | Queue | Villager (Male) |
| 15:11 | Build | House |
| 15:12 | Build | House |
| 15:33 | Queue | Villager (Male) |
| 15:33 | Queue | Villager (Male) |
| 15:58 | Queue | Villager (Male) |
| 16:21 | Build | Town Center |
| 19:11 | Research | Feudal Age |
| 19:11 | Research | Feudal Age |
| 21:00 | Build | Lumber Camp |
| 21:21 | Age | Feudal Age |
| 21:29 | Build | Mining Camp |
| 21:35 | Queue | Villager (Male) |
| 21:40 | Build | House |
| 21:40 | Build | House |
| 21:41 | Build | House |
Build order — TAG_Sitaux
First 150 of 212 actions detected
| 0:41 | Build | Town Center |
| 1:47 | Build | Dock |
| 1:48 | Build | House |
| 2:44 | Queue | Villager (Male) |
| 2:44 | Queue | Villager (Male) |
| 2:44 | Queue | Villager (Male) |
| 2:44 | Queue | Villager (Male) |
| 3:31 | Queue | Fishing Ship |
| 3:32 | Queue | Fishing Ship |
| 3:49 | Build | House |
| 4:13 | Build | Palisade Wall |
| 4:13 | Build | Palisade Wall |
| 4:23 | Queue | Villager (Male) |
| 4:48 | Queue | Villager (Male) |
| 4:48 | Queue | Villager (Male) |
| 5:08 | Queue | Villager (Male) |
| 5:33 | Queue | Fishing Ship |
| 5:33 | Queue | Fishing Ship |
| 5:36 | Queue | Villager (Male) |
| 5:48 | Build | House |
| 5:54 | Queue | Villager (Male) |
| 6:23 | Queue | Fishing Ship |
| 6:29 | Queue | Villager (Male) |
| 6:54 | Queue | Villager (Male) |
| 6:57 | Queue | Fishing Ship |
| 7:02 | Build | House |
| 7:20 | Queue | Villager (Male) |
| 7:30 | Queue | Fishing Ship |
| 7:46 | Queue | Villager (Male) |
| 7:52 | Build | House |
| 8:02 | Queue | Fishing Ship |
| 8:08 | Queue | Villager (Male) |
| 8:24 | Queue | Fishing Ship |
| 8:39 | Queue | Villager (Male) |
| 9:00 | Queue | Villager (Male) |
| 9:15 | Build | Dock |
| 9:17 | Queue | Fishing Ship |
| 9:28 | Build | Lumber Camp |
| 9:30 | Queue | Villager (Male) |
| 9:30 | Queue | Villager (Male) |
| 9:40 | Queue | Fishing Ship |
| 9:43 | Build | House |
| 9:48 | Queue | Villager (Male) |
| 9:51 | Queue | Villager (Male) |
| 10:13 | Queue | Fishing Ship |
| 10:34 | Queue | Villager (Male) |
| 10:38 | Queue | Fishing Ship |
| 10:41 | Queue | Fishing Ship |
| 10:50 | Queue | Villager (Male) |
| 10:57 | Build | House |
| 11:02 | Build | Dock |
| 11:09 | Queue | Villager (Male) |
| 11:15 | Build | House |
| 11:25 | Queue | Fishing Ship |
| 11:28 | Queue | Villager (Male) |
| 11:29 | Build | House |
| 11:34 | Queue | Fishing Ship |
| 11:47 | Queue | Fishing Ship |
| 11:50 | Queue | Villager (Male) |
| 12:02 | Queue | Fishing Ship |
| 12:20 | Queue | Fishing Ship |
| 12:22 | Queue | Fishing Ship |
| 12:27 | Queue | Villager (Male) |
| 12:31 | Build | Mining Camp |
| 12:35 | Build | Mining Camp |
| 12:40 | Queue | Fishing Ship |
| 12:50 | Research | Loom |
| 12:51 | Research | Loom |
| 13:08 | Queue | Fishing Ship |
| 13:12 | Queue | Fishing Ship |
| 13:24 | Research | Feudal Age |
| 13:40 | Build | House |
| 13:42 | Build | Palisade Wall |
| 13:46 | Queue | Fishing Ship |
| 13:49 | Queue | Fishing Ship |
| 13:49 | Queue | Fishing Ship |
| 14:07 | Build | House |
| 14:28 | Build | Dock |
| 14:41 | Queue | Villager (Male) |
| 14:49 | Build | Mill |
| 14:57 | Build | Palisade Wall |
| 14:58 | Build | Palisade Wall |
| 15:09 | Build | Palisade Wall |
| 15:34 | Age | Feudal Age |
| 15:37 | Research | Tech 906 |
| 15:38 | Queue | Unit 2626 |
| 15:38 | Queue | Unit 2626 |
| 15:38 | Queue | Unit 2626 |
| 15:39 | Research | Double-Bit Axe |
| 15:39 | Research | Double-Bit Axe |
| 15:45 | Queue | Villager (Male) |
| 16:04 | Build | Blacksmith |
| 16:23 | Queue | Villager (Male) |
| 16:33 | Build | Market |
| 16:47 | Research | Forging |
| 16:47 | Research | Forging |
| 16:48 | Queue | Unit 2626 |
| 16:48 | Queue | Unit 2626 |
| 16:53 | Queue | Villager (Male) |
| 16:55 | Queue | Unit 2626 |
| 17:14 | Queue | Unit 2626 |
| 17:20 | Research | Castle Age |
| 17:20 | Research | Castle Age |
| 17:34 | Build | Barracks |
| 17:52 | Queue | Unit 2626 |
| 18:03 | Build | House |
| 18:10 | Queue | Unit 2626 |
| 18:20 | Build | House |
| 18:22 | Queue | Unit 2626 |
| 18:29 | Build | Stable |
| 18:39 | Build | Stable |
| 18:53 | Queue | Unit 2626 |
| 19:21 | Research | Scale Barding Armor |
| 19:39 | Queue | Villager (Male) |
| 19:50 | Queue | Unit 2626 |
| 19:50 | Queue | Unit 2626 |
| 20:00 | Age | Castle Age |
| 20:02 | Research | War Galley (upgrade) |
| 20:03 | Research | Bow Saw |
| 20:03 | Research | Bow Saw |
| 20:04 | Queue | Steppe Lancer |
| 20:04 | Queue | Steppe Lancer |
| 20:09 | Research | Iron Casting |
| 20:09 | Research | Iron Casting |
| 20:10 | Research | Gillnets |
| 20:19 | Queue | Villager (Male) |
| 20:32 | Queue | Steppe Lancer |
| 20:32 | Queue | Steppe Lancer |
| 20:35 | Queue | Villager (Male) |
| 20:38 | Build | Siege Workshop |
| 20:40 | Queue | Steppe Lancer |
| 20:43 | Build | Siege Workshop |
| 20:45 | Queue | Camel Scout |
| 20:45 | Queue | Steppe Lancer |
| 20:54 | Research | Scale Barding Armor |
| 20:55 | Queue | Villager (Male) |
| 20:59 | Build | Town Center |
| 21:01 | Build | House |
| 21:13 | Research | Light Cavalry (upgrade) |
| 21:14 | Queue | Scout Cavalry |
| 21:22 | Queue | Villager (Male) |
| 21:23 | Queue | Villager (Male) |
| 21:24 | Build | House |
| 21:25 | Build | House |
| 21:40 | Queue | Iron Pagoda |
| 21:45 | Queue | Villager (Male) |
| 21:49 | Queue | Scout Cavalry |
| 21:53 | Build | House |
| 22:06 | Build | Dock |
| 22:16 | Queue | Scout Cavalry |
Build order — NuMa | Darkvlad
118 actions detected in the replay
| 0:13 | Build | House |
| 0:18 | Build | Town Center |
| 1:32 | Build | Dock |
| 1:36 | Build | Palisade Wall |
| 1:38 | Build | Palisade Wall |
| 2:34 | Queue | Villager (Male) |
| 2:34 | Queue | Villager (Male) |
| 2:35 | Queue | Villager (Male) |
| 2:37 | Queue | Villager (Male) |
| 3:36 | Queue | Fishing Ship |
| 3:37 | Queue | Fishing Ship |
| 4:11 | Queue | Villager (Male) |
| 4:19 | Build | House |
| 4:40 | Research | Loom |
| 5:04 | Queue | Villager (Male) |
| 5:19 | Queue | Villager (Male) |
| 5:36 | Queue | Fishing Ship |
| 5:37 | Queue | Fishing Ship |
| 5:41 | Queue | Villager (Male) |
| 6:12 | Queue | Villager (Male) |
| 6:22 | Build | House |
| 6:30 | Queue | Fishing Ship |
| 6:30 | Queue | Fishing Ship |
| 6:52 | Queue | Villager (Male) |
| 6:58 | Queue | Villager (Male) |
| 7:23 | Build | House |
| 7:29 | Queue | Villager (Male) |
| 7:39 | Queue | Fishing Ship |
| 7:40 | Queue | Villager (Male) |
| 7:53 | Queue | Villager (Male) |
| 8:12 | Queue | Villager (Male) |
| 8:35 | Build | Mill |
| 8:41 | Queue | Villager (Male) |
| 9:52 | Research | Feudal Age |
| 9:52 | Research | Feudal Age |
| 10:28 | Queue | Villager (Male) |
| 10:36 | Build | Barracks |
| 11:14 | Build | Mining Camp |
| 11:32 | Queue | Villager (Male) |
| 11:47 | Build | House |
| 12:02 | Age | Feudal Age |
| 12:03 | Build | Archery Range |
| 12:04 | Queue | Villager (Male) |
| 12:21 | Queue | Villager (Male) |
| 12:28 | Build | Blacksmith |
| 12:44 | Build | House |
| 12:52 | Queue | Villager (Male) |
| 12:56 | Queue | Archer |
| 12:56 | Queue | Archer |
| 12:58 | Build | House |
| 13:25 | Build | Outpost |
| 13:27 | Queue | Villager (Male) |
| 13:37 | Research | Town Watch |
| 13:38 | Research | Fletching |
| 13:39 | Research | Fletching |
| 13:51 | Queue | Villager (Male) |
| 14:00 | Build | House |
| 14:08 | Queue | Skirmisher |
| 14:21 | Queue | Villager (Male) |
| 14:31 | Queue | Skirmisher |
| 14:32 | Queue | Villager (Male) |
| 14:36 | Queue | Villager (Male) |
| 14:44 | Queue | Villager (Male) |
| 14:58 | Queue | Archer |
| 14:59 | Queue | Villager (Male) |
| 15:08 | Queue | Archer |
| 15:10 | Queue | Villager (Male) |
| 15:19 | Queue | Villager (Male) |
| 15:22 | Build | Mining Camp |
| 16:02 | Queue | Villager (Male) |
| 16:28 | Build | Archery Range |
| 16:32 | Queue | Villager (Male) |
| 16:46 | Queue | Villager (Male) |
| 16:55 | Queue | Archer |
| 17:08 | Build | Stable |
| 17:18 | Build | Market |
| 17:20 | Queue | Villager (Male) |
| 17:32 | Build | Lumber Camp |
| 17:45 | Research | Castle Age |
| 17:46 | Research | Castle Age |
| 17:57 | Build | House |
| 18:05 | Queue | Scout Cavalry |
| 18:05 | Queue | Scout Cavalry |
| 18:14 | Build | Watch Tower |
| 18:42 | Queue | Villager (Male) |
| 18:51 | Queue | Demolition Raft |
| 19:04 | Build | House |
| 19:09 | Build | Town Center |
| 19:12 | Queue | Villager (Male) |
| 19:23 | Queue | Archer |
| 19:23 | Queue | Archer |
| 19:33 | Build | Watch Tower |
| 19:34 | Queue | Villager (Male) |
| 19:40 | Queue | Villager (Male) |
| 19:46 | Queue | Scout Cavalry |
| 19:46 | Queue | Scout Cavalry |
| 19:55 | Build | Palisade Wall |
| 19:57 | Build | House |
| 20:00 | Build | Palisade Wall |
| 20:01 | Build | Palisade Wall |
| 20:13 | Queue | Villager (Male) |
| 20:27 | Age | Castle Age |
| 20:32 | Build | Siege Workshop |
| 20:53 | Queue | Villager (Male) |
| 20:56 | Queue | Villager (Male) |
| 21:12 | Queue | Knight |
| 21:17 | Queue | Villager (Male) |
| 21:24 | Build | Palisade Wall |
| 21:30 | Build | Palisade Wall |
| 21:32 | Queue | Villager (Male) |
| 21:50 | Queue | Knight |
| 21:57 | Queue | Villager (Male) |
| 22:05 | Build | Lumber Camp |
| 22:06 | Queue | Villager (Male) |
| 22:33 | Queue | Villager (Male) |
| 22:49 | Queue | Villager (Male) |
| 22:52 | Build | House |
| 22:52 | Build | House |
Build order — Capout
137 actions detected in the replay
| 0:16 | Build | Town Center |
| 0:46 | Build | Dock |
| 0:50 | Build | House |
| 2:43 | Queue | Villager (Male) ×4 |
| 3:37 | Queue | Fishing Ship |
| 3:56 | Queue | Villager (Male) |
| 4:30 | Queue | Fishing Ship |
| 4:30 | Queue | Fishing Ship |
| 4:44 | Build | House |
| 4:51 | Queue | Villager (Male) |
| 4:53 | Research | Loom |
| 4:55 | Queue | Villager (Male) |
| 5:24 | Queue | Villager (Male) |
| 5:52 | Queue | Villager (Male) |
| 5:58 | Queue | Fishing Ship |
| 6:03 | Queue | Villager (Male) |
| 6:35 | Build | House |
| 6:54 | Queue | Fishing Ship |
| 6:56 | Queue | Villager (Male) |
| 7:21 | Queue | Villager (Male) |
| 7:47 | Queue | Fishing Ship |
| 7:48 | Queue | Villager (Male) |
| 7:52 | Build | House |
| 8:04 | Queue | Villager (Male) |
| 8:32 | Queue | Villager (Male) |
| 8:39 | Build | Mining Camp |
| 8:51 | Queue | Villager (Male) |
| 9:00 | Queue | Fishing Ship |
| 9:40 | Research | Feudal Age |
| 9:40 | Research | Feudal Age |
| 9:53 | Build | Lumber Camp |
| 10:15 | Build | House |
| 11:01 | Build | Dock |
| 11:04 | Build | House |
| 11:50 | Age | Feudal Age |
| 11:51 | Queue | Villager (Male) |
| 11:53 | Queue | Fire Galley |
| 11:53 | Queue | Fire Galley |
| 11:55 | Research | Double-Bit Axe |
| 12:20 | Queue | Villager (Male) |
| 12:32 | Build | Dock |
| 12:35 | Queue | Villager (Male) |
| 12:42 | Queue | Galley |
| 12:42 | Queue | Galley |
| 12:50 | Build | House |
| 12:54 | Queue | Villager (Male) |
| 13:16 | Queue | Villager (Male) |
| 13:45 | Build | House |
| 13:47 | Queue | Galley |
| 13:47 | Queue | Galley |
| 13:50 | Build | Blacksmith |
| 13:53 | Queue | Villager (Male) |
| 13:55 | Build | House |
| 14:10 | Queue | Galley |
| 14:12 | Queue | Villager (Male) |
| 14:16 | Build | House |
| 14:28 | Build | Palisade Wall |
| 14:30 | Build | Palisade Wall |
| 14:40 | Queue | Galley |
| 14:40 | Queue | Galley |
| 14:41 | Queue | Villager (Male) |
| 14:49 | Research | Fletching |
| 14:49 | Research | Fletching |
| 14:59 | Queue | Villager (Male) |
| 15:05 | Build | House |
| 15:07 | Build | Palisade Wall |
| 15:10 | Queue | Villager (Male) |
| 15:13 | Build | Watch Tower |
| 15:18 | Build | Watch Tower |
| 15:20 | Queue | Galley |
| 15:29 | Queue | Galley |
| 15:29 | Queue | Galley |
| 15:31 | Queue | Villager (Male) |
| 15:45 | Queue | Galley |
| 16:03 | Build | House |
| 16:16 | Build | Lumber Camp |
| 16:20 | Build | Palisade Wall |
| 16:21 | Build | Palisade Wall |
| 16:21 | Build | Palisade Wall |
| 16:23 | Queue | Galley |
| 16:41 | Queue | Villager (Male) |
| 16:41 | Queue | Villager (Male) |
| 16:52 | Build | Outpost |
| 17:02 | Queue | Galley |
| 17:02 | Queue | Galley |
| 17:14 | Queue | Villager (Male) |
| 17:27 | Build | Outpost |
| 17:29 | Queue | Villager (Male) |
| 17:38 | Build | Mill |
| 17:40 | Queue | Villager (Male) |
| 17:44 | Queue | Galley |
| 17:44 | Queue | Galley |
| 18:04 | Queue | Villager (Male) |
| 18:09 | Queue | Galley |
| 18:09 | Queue | Galley |
| 18:22 | Build | House |
| 18:52 | Build | Mill |
| 18:56 | Queue | Villager (Male) |
| 18:59 | Queue | Galley |
| 19:00 | Queue | Galley |
| 19:31 | Build | Dock |
| 19:33 | Queue | Villager (Male) |
| 19:39 | Build | Market |
| 19:52 | Build | House |
| 19:58 | Queue | Villager (Male) |
| 20:21 | Queue | Villager (Male) |
| 20:23 | Build | House |
| 20:33 | Build | Barracks |
| 20:35 | Build | House |
| 20:35 | Build | House |
| 20:46 | Queue | Villager (Male) |
| 21:21 | Build | House |
| 21:29 | Research | Castle Age |
| 21:33 | Build | House |
| 21:55 | Research | Gold Mining |
| 22:08 | Research | Horse Collar |
| 22:13 | Build | Archery Range |
| 22:22 | Build | Archery Range |
| 22:38 | Build | Outpost |
| 22:40 | Build | House |
| 22:49 | Queue | Fishing Ship |
| 24:09 | Age | Castle Age |
| 24:18 | Build | Palisade Wall |
| 24:21 | Queue | Villager (Male) |
| 24:34 | Queue | Archer |
| 26:50 | Queue | Villager (Male) |
| 26:53 | Queue | Archer |
| 27:09 | Build | Town Center |
| 27:13 | Build | Town Center |
| 27:19 | Build | Lumber Camp |
| 27:21 | Queue | Villager (Male) |
| 27:24 | Build | Farm |
| 27:25 | Build | Farm |
| 27:26 | Research | Heavy Plow |
| 27:27 | Research | Bow Saw |
| 27:29 | Build | House |
| 27:33 | Build | Farm |
Build order — _LY_Yo
First 150 of 157 actions detected
| 0:18 | Build | Town Center |
| 1:21 | Build | House |
| 1:22 | Build | Dock |
| 2:34 | Queue | Villager (Male) |
| 2:34 | Queue | Villager (Male) |
| 2:34 | Queue | Villager (Male) |
| 2:35 | Queue | Villager (Male) |
| 2:35 | Queue | Villager (Male) |
| 3:50 | Queue | Fishing Ship |
| 4:06 | Queue | Villager (Male) |
| 4:06 | Queue | Villager (Male) |
| 4:20 | Build | House |
| 4:39 | Queue | Villager (Male) |
| 5:08 | Queue | Villager (Male) |
| 5:09 | Queue | Villager (Male) |
| 5:28 | Queue | Villager (Male) |
| 5:40 | Queue | Fishing Ship |
| 5:48 | Build | House |
| 5:51 | Queue | Villager (Male) |
| 5:59 | Build | Palisade Wall |
| 6:07 | Build | Palisade Wall |
| 6:12 | Queue | Villager (Male) |
| 6:13 | Queue | Villager (Male) |
| 6:32 | Queue | Fishing Ship |
| 6:42 | Queue | Villager (Male) |
| 6:43 | Queue | Villager (Male) |
| 7:01 | Queue | Villager (Male) |
| 7:01 | Queue | Villager (Male) |
| 7:09 | Queue | Villager (Male) |
| 7:09 | Queue | Villager (Male) |
| 7:13 | Queue | Fishing Ship |
| 7:18 | Build | House |
| 7:25 | Queue | Villager (Male) |
| 7:40 | Queue | Fishing Ship |
| 7:44 | Queue | Villager (Male) |
| 7:44 | Queue | Villager (Male) |
| 7:58 | Queue | Villager (Male) |
| 7:58 | Queue | Villager (Male) |
| 8:00 | Queue | Fishing Ship |
| 8:25 | Queue | Villager (Male) |
| 8:44 | Build | Palisade Wall |
| 8:47 | Queue | Villager (Male) |
| 8:52 | Build | House |
| 8:57 | Queue | Fishing Ship |
| 9:02 | Queue | Villager (Male) |
| 9:02 | Queue | Villager (Male) |
| 9:07 | Build | House |
| 9:23 | Research | Loom |
| 9:23 | Queue | Villager (Male) |
| 9:24 | Queue | Villager (Male) |
| 9:26 | Build | Lumber Camp |
| 9:44 | Queue | Fishing Ship |
| 9:46 | Queue | Villager (Male) |
| 10:03 | Build | Palisade Wall |
| 10:12 | Queue | Villager (Male) |
| 10:17 | Build | House |
| 10:28 | Build | Mining Camp |
| 10:29 | Queue | Villager (Male) |
| 10:45 | Build | Dock |
| 11:03 | Queue | Fishing Ship |
| 11:31 | Research | Feudal Age |
| 11:33 | Queue | Fishing Ship |
| 11:34 | Queue | Fishing Ship |
| 11:56 | Build | House |
| 11:57 | Build | House |
| 12:11 | Build | Mill |
| 12:17 | Build | Dock |
| 12:20 | Queue | Fishing Ship |
| 12:21 | Queue | Fishing Ship |
| 12:55 | Queue | Fishing Ship |
| 12:56 | Queue | Fishing Ship |
| 12:56 | Queue | Fishing Ship |
| 12:56 | Queue | Fishing Ship |
| 13:08 | Queue | Villager (Male) |
| 13:41 | Queue | Fishing Ship |
| 13:41 | Age | Feudal Age |
| 13:43 | Queue | Fishing Ship |
| 13:44 | Queue | Fishing Ship |
| 13:45 | Queue | Villager (Male) |
| 13:50 | Build | Market |
| 13:54 | Research | Town Watch |
| 14:49 | Build | House |
| 14:54 | Build | Palisade Wall |
| 15:00 | Build | Blacksmith |
| 15:15 | Research | Double-Bit Axe |
| 15:28 | Research | Castle Age |
| 15:51 | Build | House |
| 15:54 | Build | House |
| 16:03 | Queue | Villager (Male) |
| 16:16 | Research | Tech 906 |
| 16:16 | Research | Tech 906 |
| 17:03 | Queue | Unit 2626 |
| 17:04 | Queue | Unit 2626 |
| 17:04 | Queue | Unit 2626 |
| 17:33 | Queue | Villager (Male) |
| 17:40 | Build | House |
| 18:07 | Age | Castle Age |
| 18:11 | Build | Town Center |
| 18:35 | Build | Lumber Camp |
| 18:35 | Research | Bow Saw |
| 18:38 | Queue | Villager (Male) |
| 18:43 | Build | Monastery |
| 18:55 | Queue | Villager (Male) |
| 19:01 | Queue | Villager (Male) |
| 19:09 | Queue | Villager (Male) |
| 19:23 | Queue | Villager (Male) |
| 19:32 | Build | House |
| 19:37 | Queue | Monk |
| 19:53 | Queue | Villager (Male) |
| 19:56 | Queue | Villager (Male) |
| 20:13 | Queue | Villager (Male) |
| 20:15 | Research | Horse Collar |
| 20:33 | Queue | Villager (Male) |
| 20:38 | Build | Town Center |
| 20:43 | Research | Heavy Plow |
| 20:45 | Research | Wheelbarrow |
| 20:46 | Queue | Villager (Male) |
| 20:52 | Build | Siege Workshop |
| 20:54 | Queue | Villager (Male) |
| 21:06 | Queue | Villager (Male) |
| 21:14 | Queue | Villager (Male) |
| 21:24 | Queue | Monk |
| 21:28 | Queue | Villager (Male) |
| 21:34 | Queue | Villager (Male) |
| 21:36 | Build | Farm |
| 21:37 | Build | Farm |
| 21:38 | Build | Farm |
| 21:47 | Queue | Villager (Male) |
| 21:48 | Queue | Scorpion |
| 21:52 | Queue | Mangonel |
| 21:54 | Build | Farm |
| 21:55 | Queue | Monk |
| 21:56 | Queue | Villager (Male) |
| 21:59 | Queue | Villager (Male) |
| 22:01 | Build | Farm |
| 22:02 | Build | Farm |
| 22:03 | Queue | Villager (Male) |
| 22:09 | Build | House |
| 22:09 | Queue | Villager (Male) |
| 22:32 | Queue | Villager (Male) |
| 22:32 | Queue | Villager (Male) |
| 22:32 | Queue | Villager (Male) |
| 22:57 | Queue | Villager (Male) |
| 23:28 | Queue | Villager (Male) |
| 23:33 | Build | Farm |
| 23:34 | Build | Farm |
| 23:51 | Build | Farm |
| 23:52 | Build | Farm |
| 23:53 | Build | Farm |
| 24:11 | Queue | Villager (Male) |
Build order — obi11
124 actions detected in the replay
| 0:20 | Build | Town Center |
| 0:49 | Build | Dock |
| 1:50 | Build | House |
| 2:37 | Queue | Villager (Male) |
| 2:37 | Queue | Villager (Male) |
| 2:38 | Queue | Villager (Male) |
| 2:38 | Queue | Villager (Male) |
| 2:38 | Queue | Villager (Male) |
| 3:22 | Build | House |
| 4:15 | Queue | Villager (Male) |
| 4:16 | Queue | Villager (Male) |
| 4:44 | Queue | Villager (Male) |
| 4:44 | Queue | Villager (Male) |
| 4:49 | Queue | Fishing Ship |
| 4:49 | Queue | Fishing Ship |
| 4:53 | Build | Palisade Wall |
| 5:14 | Queue | Villager (Male) |
| 5:14 | Queue | Villager (Male) |
| 5:15 | Queue | Villager (Male) |
| 5:28 | Queue | Fishing Ship |
| 5:28 | Queue | Fishing Ship |
| 5:40 | Queue | Villager (Male) |
| 5:40 | Queue | Villager (Male) |
| 5:40 | Queue | Villager (Male) |
| 5:49 | Build | House |
| 6:04 | Queue | Villager (Male) |
| 6:04 | Queue | Villager (Male) |
| 6:18 | Queue | Villager (Male) |
| 6:18 | Queue | Villager (Male) |
| 6:43 | Queue | Fishing Ship |
| 6:43 | Queue | Fishing Ship |
| 6:57 | Queue | Villager (Male) |
| 6:57 | Queue | Villager (Male) |
| 6:57 | Queue | Villager (Male) |
| 7:26 | Build | House |
| 7:28 | Queue | Villager (Male) |
| 7:30 | Queue | Fishing Ship |
| 7:31 | Queue | Fishing Ship |
| 7:55 | Queue | Villager (Male) |
| 7:56 | Queue | Villager (Male) |
| 8:07 | Queue | Villager (Male) |
| 8:10 | Queue | Fishing Ship |
| 8:10 | Queue | Fishing Ship |
| 8:12 | Queue | Villager (Male) |
| 8:12 | Queue | Villager (Male) |
| 8:30 | Queue | Villager (Male) |
| 8:31 | Queue | Villager (Male) |
| 8:31 | Queue | Villager (Male) |
| 8:44 | Queue | Villager (Male) |
| 8:46 | Build | House |
| 8:50 | Queue | Villager (Male) |
| 8:50 | Queue | Villager (Male) |
| 8:52 | Queue | Fishing Ship |
| 8:53 | Queue | Fishing Ship |
| 9:03 | Queue | Villager (Male) |
| 9:03 | Queue | Villager (Male) |
| 9:04 | Queue | Villager (Male) |
| 9:31 | Queue | Fishing Ship |
| 9:33 | Queue | Villager (Male) |
| 9:33 | Queue | Villager (Male) |
| 9:47 | Queue | Villager (Male) |
| 9:47 | Queue | Villager (Male) |
| 9:58 | Build | Mill |
| 10:09 | Build | House |
| 10:27 | Research | Loom |
| 10:43 | Research | Feudal Age |
| 10:43 | Research | Feudal Age |
| 10:49 | Build | Mining Camp |
| 11:14 | Build | Mining Camp |
| 11:46 | Queue | Villager (Male) |
| 11:50 | Queue | Fishing Ship |
| 11:53 | Queue | Fishing Ship |
| 12:03 | Build | Outpost |
| 12:14 | Queue | Villager (Male) |
| 13:17 | Age | Feudal Age |
| 13:27 | Build | Market |
| 13:43 | Build | Blacksmith |
| 14:26 | Research | Castle Age |
| 14:26 | Research | Castle Age |
| 15:18 | Build | Watch Tower |
| 15:31 | Build | Lumber Camp |
| 15:53 | Queue | Villager (Male) |
| 16:08 | Research | Double-Bit Axe |
| 16:08 | Research | Double-Bit Axe |
| 16:12 | Build | House |
| 17:06 | Age | Castle Age |
| 17:09 | Build | Siege Workshop |
| 17:18 | Build | Monastery |
| 17:21 | Research | Bow Saw |
| 17:21 | Research | Bow Saw |
| 17:35 | Queue | Villager (Male) |
| 17:43 | Research | Scale Barding Armor |
| 17:43 | Research | Scale Barding Armor |
| 17:47 | Queue | Armored Elephant |
| 17:48 | Queue | Armored Elephant |
| 17:48 | Queue | Armored Elephant |
| 17:50 | Queue | Villager (Male) |
| 17:52 | Research | Gold Mining |
| 17:53 | Research | Gold Mining |
| 18:08 | Queue | Villager (Male) |
| 18:12 | Queue | Monk |
| 18:12 | Queue | Monk |
| 18:28 | Build | House |
| 18:30 | Queue | Monk |
| 18:31 | Queue | Monk |
| 18:40 | Queue | Villager (Male) |
| 18:45 | Queue | Armored Elephant |
| 18:45 | Queue | Armored Elephant |
| 18:51 | Build | House |
| 19:13 | Queue | Villager (Male) |
| 19:24 | Queue | Scorpion |
| 19:24 | Queue | Scorpion |
| 19:47 | Queue | Scorpion |
| 19:49 | Queue | Villager (Male) |
| 19:49 | Queue | Villager (Male) |
| 19:59 | Queue | Scorpion |
| 20:03 | Build | Town Center |
| 20:36 | Queue | Armored Elephant |
| 20:54 | Queue | Villager (Male) |
| 21:04 | Queue | Monk |
| 21:04 | Queue | Monk |
| 21:49 | Queue | Villager (Male) |
| 21:50 | Queue | Villager (Male) |
| 22:19 | Queue | Monk |
Build order — Shulk
First 150 of 199 actions detected
| 0:10 | Build | Town Center |
| 2:03 | Build | House |
| 2:18 | Build | House |
| 2:24 | Queue | Villager (Male) |
| 2:25 | Queue | Villager (Male) |
| 2:25 | Queue | Villager (Male) |
| 2:25 | Queue | Villager (Male) |
| 3:50 | Build | Dock |
| 3:54 | Queue | Villager (Male) |
| 4:13 | Queue | Villager (Male) |
| 4:24 | Queue | Villager (Male) |
| 4:24 | Queue | Villager (Male) |
| 4:32 | Build | House |
| 5:07 | Queue | Villager (Male) |
| 5:31 | Queue | Villager (Male) |
| 5:40 | Queue | Fishing Ship |
| 5:59 | Research | Loom |
| 6:04 | Build | House |
| 6:07 | Queue | Villager (Male) |
| 6:08 | Queue | Villager (Male) |
| 6:09 | Queue | Villager (Male) |
| 6:34 | Queue | Fishing Ship |
| 7:02 | Queue | Villager (Male) |
| 7:17 | Queue | Villager (Male) |
| 7:24 | Queue | Fishing Ship |
| 7:52 | Build | House |
| 8:04 | Queue | Villager (Male) |
| 8:26 | Build | Mining Camp |
| 8:37 | Queue | Villager (Male) |
| 9:09 | Research | Feudal Age |
| 9:18 | Build | Outpost |
| 9:45 | Build | Outpost |
| 10:13 | Build | Barracks |
| 10:17 | Build | Barracks |
| 10:29 | Queue | Villager (Male) |
| 10:47 | Build | Outpost |
| 11:04 | Build | House |
| 11:11 | Queue | Villager (Male) |
| 11:19 | Age | Feudal Age |
| 11:21 | Build | Archery Range |
| 11:22 | Research | Town Watch |
| 11:24 | Queue | Villager (Male) |
| 11:30 | Build | Lumber Camp |
| 11:31 | Queue | Villager (Male) |
| 11:38 | Queue | Villager (Male) |
| 11:40 | Build | Outpost |
| 11:50 | Queue | Villager (Male) |
| 11:55 | Build | Outpost |
| 11:59 | Build | House |
| 12:00 | Build | House |
| 12:09 | Queue | Archer |
| 12:09 | Queue | Archer |
| 12:21 | Queue | Villager (Male) |
| 12:22 | Build | House |
| 12:25 | Queue | Archer |
| 12:50 | Queue | Archer |
| 12:55 | Build | Outpost |
| 12:55 | Queue | Villager (Male) |
| 13:05 | Build | Watch Tower |
| 13:12 | Build | Watch Tower |
| 13:17 | Build | Blacksmith |
| 13:21 | Build | House |
| 13:21 | Queue | Villager (Male) |
| 13:22 | Queue | Archer |
| 13:41 | Build | Palisade Wall |
| 13:47 | Build | House |
| 13:53 | Queue | Archer |
| 13:57 | Build | Palisade Wall |
| 13:58 | Build | Palisade Wall |
| 14:03 | Build | Palisade Wall |
| 14:06 | Queue | Villager (Male) |
| 14:10 | Queue | Archer |
| 14:22 | Queue | Archer |
| 14:39 | Build | Mining Camp |
| 14:53 | Build | House |
| 14:54 | Queue | Villager (Male) |
| 15:29 | Queue | Fishing Ship |
| 15:29 | Queue | Fishing Ship |
| 15:48 | Build | House |
| 15:52 | Queue | Villager (Male) |
| 15:56 | Queue | Fishing Ship |
| 16:12 | Build | Dock |
| 16:18 | Build | Palisade Wall |
| 16:20 | Build | Palisade Wall |
| 16:22 | Queue | Archer |
| 16:38 | Build | Outpost |
| 16:48 | Queue | Villager (Male) |
| 16:53 | Queue | Archer |
| 16:57 | Build | Outpost |
| 16:58 | Queue | Fishing Ship |
| 16:59 | Queue | Fishing Ship |
| 17:00 | Queue | Villager (Male) |
| 17:11 | Build | Outpost |
| 17:20 | Build | Stable |
| 17:30 | Queue | Fishing Ship |
| 17:30 | Queue | Fishing Ship |
| 17:41 | Queue | Villager (Male) |
| 17:49 | Build | Outpost |
| 17:50 | Queue | Villager (Male) |
| 18:10 | Queue | Scout Cavalry |
| 18:11 | Queue | Villager (Male) |
| 18:13 | Build | House |
| 18:14 | Build | House |
| 18:33 | Build | Palisade Wall |
| 18:34 | Build | Palisade Wall |
| 18:35 | Build | Palisade Wall |
| 18:36 | Build | Palisade Wall |
| 18:38 | Queue | Scout Cavalry |
| 18:41 | Queue | Villager (Male) |
| 18:50 | Queue | Villager (Male) |
| 19:04 | Queue | Villager (Male) |
| 19:10 | Build | Outpost |
| 19:11 | Build | Outpost |
| 19:12 | Queue | Villager (Male) |
| 19:20 | Queue | Villager (Male) |
| 19:24 | Queue | Scout Cavalry |
| 19:26 | Queue | Villager (Male) |
| 19:32 | Queue | Villager (Male) |
| 19:32 | Queue | Villager (Male) |
| 19:36 | Build | Mill |
| 19:51 | Queue | Scout Cavalry |
| 19:54 | Build | House |
| 19:55 | Queue | Fishing Ship |
| 19:56 | Queue | Fishing Ship |
| 20:01 | Build | Mining Camp |
| 20:05 | Queue | Villager (Male) |
| 20:14 | Queue | Villager (Male) |
| 20:22 | Queue | Villager (Male) |
| 20:34 | Queue | Villager (Male) |
| 20:44 | Queue | Scout Cavalry |
| 20:45 | Queue | Scout Cavalry |
| 20:45 | Queue | Villager (Male) |
| 20:46 | Build | Stable |
| 21:04 | Build | Mill |
| 21:10 | Queue | Villager (Male) |
| 21:18 | Build | Mining Camp |
| 21:29 | Queue | Villager (Male) |
| 21:36 | Queue | Scout Cavalry |
| 21:38 | Queue | Villager (Male) |
| 21:53 | Queue | Villager (Male) |
| 21:58 | Build | Lumber Camp |
| 22:15 | Queue | Villager (Male) |
| 22:29 | Research | Tech 906 |
| 22:32 | Queue | Villager (Male) |
| 22:34 | Research | Scale Barding Armor |
| 22:36 | Queue | Villager (Male) |
| 22:43 | Queue | Villager (Male) |
| 22:49 | Queue | Villager (Male) |
| 22:56 | Queue | Villager (Male) |
| 23:02 | Queue | Villager (Male) |
Match timeline
| 0:46 | Capout · first_building Dock |
| 0:49 | obi11 · first_building Dock |
| 1:10 | Margougou · first_building Dock |
| 1:15 | veni · first_building Dock |
| 1:22 | _LY_Yo · first_building Dock |
| 1:32 | NuMa | Darkvlad · first_building Dock |
| 1:36 | NuMa | Darkvlad · wall_segment Palisade Wall x1 |
| 1:38 | NuMa | Darkvlad · wall_segment Palisade Wall x1 |
| 1:47 | TAG_Sitaux · first_building Dock |
| 3:50 | Shulk · first_building Dock |
| 4:13 | TAG_Sitaux · wall_segment Palisade Wall x1 |
| 4:13 | TAG_Sitaux · wall_segment Palisade Wall x1 |
| 4:53 | obi11 · wall_segment Palisade Wall x1 |
| 5:59 | _LY_Yo · wall_segment Palisade Wall x1 |
| 6:07 | _LY_Yo · wall_segment Palisade Wall x1 |
| 8:44 | _LY_Yo · wall_segment Palisade Wall x1 |
| 10:03 | _LY_Yo · wall_segment Palisade Wall x1 |
| 10:13 | Shulk · first_building Barracks |
| 10:36 | NuMa | Darkvlad · first_building Barracks |
| 10:42 | Margougou · first_building Barracks |
| 11:19 | Shulk · age_up feudal |
| 11:21 | Shulk · first_building Archery Range |
| 11:28 | veni · wall_segment Palisade Wall x9 |
| 11:29 | Margougou · age_up feudal |
| 11:32 | Margougou · first_building Archery Range |
| 11:34 | veni · wall_segment Palisade Wall x1 |
| 11:50 | Capout · age_up feudal |
| 12:02 | NuMa | Darkvlad · age_up feudal |
| 12:03 | NuMa | Darkvlad · first_building Archery Range |
| 13:17 | obi11 · age_up feudal |
| 13:41 | Shulk · wall_segment Palisade Wall x1 |
| 13:41 | _LY_Yo · age_up feudal |
| 13:42 | TAG_Sitaux · wall_segment Palisade Wall x7 |
| 13:57 | Shulk · wall_segment Palisade Wall x1 |
| 13:58 | Shulk · wall_segment Palisade Wall x1 |
| 14:03 | Shulk · wall_segment Palisade Wall x1 |
| 14:28 | Capout · wall_segment Palisade Wall x1 |
| 14:30 | Capout · wall_segment Palisade Wall x1 |
| 14:54 | _LY_Yo · wall_segment Palisade Wall x3 |
| 14:57 | TAG_Sitaux · wall_segment Palisade Wall x4 |
| 14:58 | TAG_Sitaux · wall_segment Palisade Wall x5 |
| 15:07 | Capout · wall_segment Palisade Wall x1 |
| 15:09 | TAG_Sitaux · wall_segment Palisade Wall x4 |
| 15:34 | TAG_Sitaux · age_up feudal |
| 16:18 | Shulk · wall_segment Palisade Wall x3 |
| 16:20 | Shulk · wall_segment Palisade Wall x1 |
| 16:20 | Capout · wall_segment Palisade Wall x1 |
| 16:21 | Capout · wall_segment Palisade Wall x1 |
| 16:21 | Capout · wall_segment Palisade Wall x1 |
| 16:32 | obi11 · first_market_buy 100 wood |
| 16:43 | obi11 · first_market_sell 100 stone |
| 17:06 | obi11 · age_up castle |
| 17:08 | NuMa | Darkvlad · first_building Stable |
| 17:09 | obi11 · first_building Siege Workshop |
| 17:18 | obi11 · first_building Monastery |
| 17:20 | Shulk · first_building Stable |
| 17:34 | TAG_Sitaux · first_building Barracks |
| 18:07 | _LY_Yo · age_up castle |
| 18:24 | TAG_Sitaux · first_market_sell 100 food |
| 18:25 | TAG_Sitaux · first_market_buy 100 wood |
| 18:29 | TAG_Sitaux · first_building Stable |
| 18:33 | Shulk · wall_segment Palisade Wall x1 |
| 18:34 | Shulk · wall_segment Palisade Wall x1 |
| 18:35 | Shulk · wall_segment Palisade Wall x3 |
| 18:36 | Shulk · wall_segment Palisade Wall x3 |
| 18:43 | _LY_Yo · first_building Monastery |
| 19:55 | NuMa | Darkvlad · wall_segment Palisade Wall x1 |
| 20:00 | NuMa | Darkvlad · wall_segment Palisade Wall x1 |
| 20:00 | TAG_Sitaux · age_up castle |
| 20:01 | NuMa | Darkvlad · wall_segment Palisade Wall x1 |
| 20:27 | NuMa | Darkvlad · age_up castle |
| 20:32 | NuMa | Darkvlad · first_building Siege Workshop |
| 20:33 | Capout · first_building Barracks |
| 20:38 | TAG_Sitaux · first_building Siege Workshop |
| 20:52 | _LY_Yo · first_building Siege Workshop |
| 20:55 | Capout · first_market_buy 100 food |
| 20:59 | Capout · first_market_sell 100 wood |
| 21:06 | NuMa | Darkvlad · first_market_sell 100 wood |
| 21:21 | veni · age_up feudal |
| 21:24 | NuMa | Darkvlad · wall_segment Palisade Wall x1 |
| 21:30 | NuMa | Darkvlad · wall_segment Palisade Wall x1 |
| 21:49 | NuMa | Darkvlad · first_market_buy 100 food |
| 22:13 | Capout · first_building Archery Range |
| 22:44 | veni · resign |
| 24:07 | Margougou · first_market_buy 100 food |
| 24:08 | Margougou · first_market_sell 500 wood |
| 24:09 | Capout · age_up castle |
| 24:18 | Capout · wall_segment Palisade Wall x1 |
| 25:40 | _LY_Yo · first_market_buy 100 stone |
| 25:43 | Margougou · wall_segment Stone Wall x1 |
| 25:48 | _LY_Yo · first_building Castle |
| 25:48 | Margougou · wall_segment Stone Wall x1 |
| 26:53 | Margougou · age_up castle |
| 26:59 | Margougou · first_building Castle |
[ AI ANALYSIS · 1 CREDIT ]
What really happened in this match?
Wolo.gg analyzes every decision: build order, eco, micro, common mistakes by bracket. Personalized analysis on WhatsApp or Discord in 30 seconds.
Civ guide
Bengalis
Perfil
Jugador #579679